 Dungeon Crawl Stone Soup version 0.30-a0-4-ga7cffc901d (webtiles) character file.

Game seed: 8955081956071502843

18482 spaghetti the Fighter (level 12, -9/184 HPs)
             Began as a Naga Berserker on Aug 22, 2022.
             Was an Elder of Trog.
             Mangled by a fire crab (10 damage)
             ... in a Gauntlet.
             The game lasted 00:19:12 (14999 turns).

spaghetti the Fighter (Naga Berserker)             Turns: 14999, Time: 00:19:12

Health: -9/184     AC: 22    Str: 22    XL:     12   Next: 59%
Magic:  12/12      EV:  9    Int:  7    God:    Trog [****..]
Gold:   731        SH:  0    Dex: 13    Spells: 11/11 levels left

rFire   . . .      SeeInvis +    v - +8 flail (drain) {mace}
rCold   . . .      Faith    +    (no shield)
rNeg    . . .      Spirit   .    q - +8 chain mail of Resonance {Will+++ rCorr Str-2 Dex-5}
rPois   +          Reflect  .    J - +1 helmet
rElec   .          Harm     .    (no cloak)
rCorr   +          Rampage  .    (no gloves)
Will    +++++      NoTele   +    (no barding)
Stlth   ..........               s - amulet of faith {!P}
HPRegen 1.40/turn                N - +6 ring of dexterity
MPRegen 0.13/turn                g - +4 ring of slaying

@: berserking, strong-willed, regenerating, quick
A: AC +4, large, see invisible, deformed body, poison resistance, slowness 2,
spit poison 1, naga tail 1
a: Spit Poison, Renounce Religion, Berserk, Trog's Hand, Brothers in Arms


You were in a Gauntlet.
You worshipped Trog.
Trog was greatly pleased with you.
You visited 1 branch of the dungeon, and saw 12 of its levels.
You also visited: Bailey and Gauntlet.

You collected 731 gold pieces.


Innate Abilities, Weirdness & Mutations

Your serpentine skin is tough. (AC +4)
You have supernaturally acute eyesight. (SInv)
Armour fits poorly on your strangely shaped body.
Your system is resistant to poisons. (rPois)
You cover ground very slowly.
You can spit poison.
You have a snake-like lower body.


   Skills:
 + Level 12.9 Fighting
 + Level 10.6 Armour
 + Level 8.3 Dodging
 - Level 5.0 Unarmed Combat


You had 11 spell levels left.
You didn't know any spells.
Your spell library contained the following spells:

 Spells                   Type           Power      Damage    Failure   Level
 Necrotise                Necr           0%         1d4       95%         1
 Shock                    Conj/Air       0%         1d3       95%         1
 Static Discharge         Conj/Air       0%         3-3/arc   99%         2
 Inner Flame              Hex/Fire       0%         N/A       100%        3
 Swiftness                Air            0%         N/A       100%        3
 Vampiric Draining        Necr           0%         2d6       100%        3
 Airstrike                Air            0%         2d(0-16)  100%        4
 Animate Armour           Summ/Erth      0%         N/A       100%        4
 Cause Fear               Hex            0%         N/A       100%        4
 Dispel Undead            Necr           0%         3d6       100%        4
 Sticky Flame             Conj/Fire      0%         2d3       100%        4
 Agony                    Necr           0%         N/A       100%        5
 Blade Hands              Tmut           0%         N/A       100%        5
 Iron Shot                Conj/Erth      0%         9d1       100%        6
 Discord                  Hex            0%         N/A       100%        8

Inventory:

Hand Weapons
 v - a +8 flail of draining (weapon) {mace}
   (You took it off Edmund on level 4 of the Dungeon)
 B - a +1 lajatang of electrocution {staff}
   (You found it in a bailey)
Missiles
 b - 97 stones {throwing}
 l - 12 boomerangs {throwing}
 m - 36 poisoned darts {throwing}
 r - 3 throwing nets {=f!fthrowing}
 V - a curare-tipped dart {=fthrowing}
Armour
 a - a +0 animal skin
 e - a +0 plate armour
   (You found it on level 1 of the Dungeon)
 q - the +8 chain mail of Resonance (worn) {Will+++ rCorr Str-2 Dex-5}
   (You found it on level 3 of the Dungeon)

   Str:       It affects your strength (-2).
   Dex:       It affects your dexterity (-5).
   rCorr:     It protects you from acid and corrosion.
   Will:      It greatly increases your willpower.
 J - a +1 helmet (worn)
   (You found it on level 7 of the Dungeon)
 W - the +1 robe of Wuloshic {Int+3 Dex+3}
   (You found it in a Gauntlet)

   Int:       It affects your intelligence (+3).
   Dex:       It affects your dexterity (+3).
Jewellery
 g - a +4 ring of slaying (right hand)
   (You acquired it in a bailey)
 o - a ring of resist corrosion
   (You found it on level 3 of the Dungeon)
 s - an amulet of faith (around neck) {!P}
   (You found it in a bailey)
 D - a +6 ring of intelligence
   (You found it on level 5 of the Dungeon)
 G - a ring of ice
   (You found it on level 6 of the Dungeon)
 I - a ring of ice
   (You found it on level 7 of the Dungeon)
 K - a +6 ring of intelligence
   (You found it on level 9 of the Dungeon)
 L - an amulet of magic regeneration {@e2}
   (You found it on level 11 of the Dungeon)
 N - a +6 ring of dexterity (left hand)
   (You found it on level 8 of the Dungeon)
 R - a ring of poison resistance
   (You found it on level 10 of the Dungeon)
 S - an amulet of the acrobat
   (You found it on level 10 of the Dungeon)
 U - a ring of positive energy
   (You found it on level 11 of the Dungeon)
Wands
 c - a wand of roots (14)
   (You took it off Ijyb on level 4 of the Dungeon)
 w - a wand of mindburst (12)
   (You found it on level 4 of the Dungeon)
 x - a wand of acid (39)
   (You found it on level 4 of the Dungeon)
 z - a wand of flame (21)
   (You took it off Duvessa on level 5 of the Dungeon)
 C - a wand of polymorph (7)
   (You found it on level 7 of the Dungeon)
Scrolls
 f - 2 scrolls of magic mapping {!r}
 h - 2 scrolls of poison
 j - 4 scrolls of immolation {!r!r}
 k - 2 scrolls of summoning
 n - 2 scrolls of fog
 t - 2 scrolls of teleportation {@r4}
 u - a scroll of enchant armour
 y - 2 scrolls of enchant weapon
 E - 2 scrolls of fear
 O - a scroll of blinking {!r}
 P - a scroll of amnesia
 T - 3 scrolls of identify {@r1}
Potions
 d - 6 potions of curing {@q1}
 i - 2 potions of magic
 p - 4 potions of heal wounds {@q2}
 A - 2 potions of flight
 F - 3 potions of attraction {!q}
 H - a potion of might
 M - a potion of invisibility
 Q - a potion of mutation {unknown}

Dungeon Overview and Level Annotations

Branches:
Dungeon (12/15) Zot: 26679  Temple (0/1) D:7            Lair (0/5) D:11
    Orc (0/2) D:9          Bailey (visited)         Gauntlet (1/1) Zot: 5494

Altars:
Dithmenos
Fedhas
Hepliaklqana
Ru
Sif Muna
Uskayaw
Vehumet
Wu Jian
Xom
Yredelemnul
Zin
The Shining One

Shops:
D:1 *

Annotations:
Gauntlet 11 transporters, 16 runed translucent doors

.#....#.#.#.^.^.^.53#.#.#....©..
#########.###########.##########
#©........#§≈≈§8≈≈≈≈#........©#.
#######.#########.
......#.#.........
##.##tb#.#......... #
##...##.#.#..#######
#.#?#.○btb#.#.#..#8# #8#
#©#©..○@b...#©#..### ##
###.#.○○b.#.###..# .
##.○.##.#....# ##.##..#....#
......#..### #######..#8#
.........### .........≈#


You could see a fire crab and 4 fire bats.


Message History

You enter the transporter and appear at another place.
Unknown command.
Unknown command.
There are monsters nearby!
You barely miss the fire bat. The fire bat barely misses you.
The fire bat bites you but does no damage. x2
You hit the fire bat.
The fire bat bites you but does no damage. x3
The fire bat bites you.
You are engulfed in flames.
The fire bat misses you. The fire bat barely misses you.
The fire bat bites you but does no damage. 😕 HP[-6]
You take 6 damage, and now have 117/123 hp.
You barely miss the fire bat.
The fire bat bites you but does no damage. x2
The fire bat bites you.
You are engulfed in flames!
The fire bat barely misses you. The fire bat bites you.
You are engulfed in flames!
The fire bat bites you but does no damage. x4
The fire crab breathes flames at you.
The blast of flame engulfs you but does no damage.
The fire bat bites you but does no damage.
You are too injured to fight recklessly! 😕 HP[-18]
You take 18 damage, and now have 99/123 hp.
You are too injured to fight recklessly!
You are too injured to fight recklessly!
You are too injured to fight recklessly!
You are too injured to fight recklessly!
You are too injured to fight recklessly!
You are too injured to fight recklessly!
You are too injured to fight recklessly!
You are too injured to fight recklessly!
You are too injured to fight recklessly!
You are too injured to fight recklessly!
You are too injured to fight recklessly!
You are too injured to fight recklessly!
You are too injured to fight recklessly!
You are too injured to fight recklessly!
You are too injured to fight recklessly!
You are too injured to fight recklessly!
You are too injured to fight recklessly!
You are too injured to fight recklessly!
You are too injured to fight recklessly!
Unknown command.
You completely miss the fire bat.
You are engulfed in blazing flames.
* * * LOW HITPOINT WARNING * * *
The fire bat bites you but does no damage. x3
The fire bat barely misses you.
The fire bat bites you but does no damage.
The fire bat closely misses you.
The fire bat bites you but does no damage. x2 😨 HP[-41]
You take 41 damage, and now have 58/123 hp.
MASSIVE DAMAGE!! (PAUSE)
Your skin crawls.
You feel strong-willed.
The fire bat bites you but does no damage. x4
The fire crab bites you.
* * * LOW HITPOINT WARNING * * *
You are engulfed in flames!
* * * LOW HITPOINT WARNING * * *
The fire crab claws you.
* * * LOW HITPOINT WARNING * * *
You are engulfed in flames!
* * * LOW HITPOINT WARNING * * *
😱 HP[-32]
You take 32 damage, and now have 26/123 hp.
MASSIVE DAMAGE!! (PAUSE) Unknown command.
Unknown command.
A red film seems to cover your vision as you go berserk!
You feel yourself moving faster!
You feel mighty!
The fire bat bites you but does no damage.
The fire bat bites you.
* * * LOW HITPOINT WARNING * * *
You are engulfed in flames!
* * * LOW HITPOINT WARNING * * *
The fire bat bites you but does no damage.
The fire bat bites you.
* * * LOW HITPOINT WARNING * * *
You are engulfed in flames!
* * * LOW HITPOINT WARNING * * *
The fire crab breathes flames at you.
The blast of flame engulfs you but does no damage. 😱 HP[-5]
You now have 184 max hp (+61).
You are too berserk!
You completely miss the fire crab.
You are engulfed in blazing flames.
* * * LOW HITPOINT WARNING * * *
The fire bat bites you but does no damage.
The fire bat barely misses you. The fire bat bites you.
* * * LOW HITPOINT WARNING * * *
You are engulfed in flames!
* * * LOW HITPOINT WARNING * * *
The fire bat bites you but does no damage.
The fire crab barely misses you. The fire crab claws you.
* * * LOW HITPOINT WARNING * * *
You are engulfed in flames!
You die...

Skill      XL: |  1  2  3  4  5  6  7  8  9 10 11 12 |
---------------+-------------------------------------+-----
Armour         | 2 3 4 6 7 8 9 10 | 10.6
Fighting       | 4 5 6 8 9 10 12 | 12.9
Unarmed Combat | 4 5 |  5.0
Dodging        | 4 5 7 8 |  8.3

Action                   |  1- 3 |  4- 6 |  7- 9 | 10-12 || total
-------------------------+-------+-------+-------+-------++-------
Melee: Unarmed           |   110 |   130 |       |       ||   240
       Punch             |     2 |     7 |     7 |    18 ||    34
       Flail             |       |    27 |   312 |   364 ||   703
Invok: Berserk           |     1 |     3 |     7 |    15 ||    26
       Trog's Hand       |       |       |     2 |     2 ||     4
       Brothers in Arms  |       |       |     1 |     1 ||     2
 Abil: Spit Poison       |    12 |     3 |       |       ||    15
  Use: Scroll            |       |     4 |       |    10 ||    14
       Potion            |       |       |     9 |     1 ||    10
Armor: Animal skin       |     8 |       |       |       ||     8
       Plate armour      |    32 |    57 |       |       ||    89
       Chain mail        |       |    41 |   326 |   530 ||   897
       Skin              |       |       |       |    10 ||    10
Dodge: Dodged            |    26 |    27 |   130 |   313 ||   496

Levels and vault maps discovered:
D:1:      nicolae_arrival_memento_mori, layout_basic, serial_shops, shop,
          minmay_surrounded
D:2:      layout_basic
D:3:      layout_loops_ring
D:4:      layout_basic, xom_teletrap_fun, mainiacjoe_overflow_surrounded_room,
          grunt_ministairs_3, uniq_ijyb, uniq_edmund
D:5:      layout_loops_ring, general_overflow_altar,
          fedhas_bush_and_centaur_altar, zin_scriptorium,
          chequers_serial_rivers_small_a, minmay_starry_boxes, uniq_duvessa
D:6:      layout_loops_ring, gammafunk_temple_overflow_wave,
          mainiacjoe_overflow_chevrons
D:7:      layout_layer_cave, nicolae_vehumet_radiance,
          mainiacjoe_overflow_24_doors, nicolae_uskayaw_dance_hall,
          minmay_temple_entry_nine_rooms, enter_bailey_3
D:8:      layout_loops_ring, kennysheep_opposing_triangles, uniq_grum
D:9:      layout_cave_pools, hiddenorc1_lemuel, uniq_harold, uniq_amaemon
D:10:     layout_cave_pools, overflow_temple_1_default
D:11:     layout_gridville, dpeg_oklobed_lair, serial_shops, bzr_firewalk,
          uniq_erica, uniq_nergalle
D:12:     layout_long_grid, gauntlet_entry_generic, uniq_erolcha, uniq_frances,
          uniq_maurice, uniq_jorgrun
Gauntlet: gammafunk_gauntlet_branching [nicolae_gauntlet_arena_t_cross,
          minmay_gauntlet_arena_make_your_own_arena,
          nicolae_gauntlet_arena_grate_2, gammafunk_gauntlet_arena_corners,
          gammafunk_gauntlet_arena_hedges,
          gammafunk_gauntlet_arena_split_diamond,
          gammafunk_gauntlet_arena_teeth, gammafunk_gauntlet_arena_arrow_garden,
          gauntlet_exit_green]

Notes
Turn   | Place    | Note
-------+----------+-------------------------------------------
     0 | D:1      | spaghetti the Naga Berserker began the quest for the Orb.
     0 | D:1      | Reached XP level 1. HP: 21/21 MP: 1/1
     0 | D:1      | magus.rc [v1.9.6]
   286 | D:1      | Reached XP level 2. HP: 20/28 MP: 2/2
   591 | D:1      | You pick up a book of Touch {forbidden} and begin
                  | reading...
   591 | D:1      | You add the spells Static Discharge, Sticky Flame and
                  | Dispel Undead to your library.
   778 | D:1      | Reached XP level 3. HP: 30/34 MP: 3/3
   902 | D:1      | Reached ** piety under Trog
   970 | D:1      | Found Roeluaf's Assorted Antiques.
  1620 | D:2      | Reached skill level 2 in Armour
  1620 | D:2      | Reached XP level 4. HP: 40/44 MP: 4/4
  1761 | D:2      | Reached skill level 4 in Fighting
  1882 | D:2      | Reached skill level 4 in Unarmed Combat
  2163 | D:3      | Noticed a kobold brigand
  2175 | D:3      | Killed a kobold brigand
  2176 | D:3      | Reached XP level 5. HP: 38/51 MP: 5/5
  2752 | D:3      | Reached XP level 6. HP: 58/58 MP: 6/6
  2856 | D:3      | Identified the +8 chain mail of Resonance {Will+++ rCorr
                  | Str-2 Dex-5}
  3235 | D:4      | Found a basalt altar of Yredelemnul.
  3283 | D:4      | Found a shimmering altar of Xom.
  3285 | D:4      | Noticed Edmund
  3305 | D:4      | Killed Edmund
  3306 | D:4      | Reached skill level 3 in Armour
  3510 | D:4      | Reached skill level 5 in Fighting
  3510 | D:4      | Reached skill level 5 in Unarmed Combat
  3558 | D:4      | Reached *** piety under Trog
  3657 | D:4      | Reached XP level 7. HP: 64/67 MP: 7/7
  3669 | D:4      | Noticed Ijyb
  3675 | D:4      | Killed Ijyb
  3877 | D:4      | Reached skill level 4 in Armour
  3880 | D:4      | You pick up a book of Necromancy {forbidden} and begin
                  | reading...
  3880 | D:4      | You add the spells Necrotise, Vampiric Draining and Agony
                  | to your library.
  4017 | D:4      | Reached skill level 6 in Fighting
  4323 | D:5      | Entered Level 5 of the Dungeon
  4363 | D:5      | Found a glowing golden altar of the Shining One.
  4404 | D:5      | Reached XP level 8. HP: 71/78 MP: 8/8
  4451 | D:5      | Found a glowing silver altar of Zin.
  4608 | D:5      | Noticed Duvessa
  4614 | D:5      | Killed Duvessa
  4615 | D:5      | Reached skill level 5 in Armour
  4779 | D:5      | Reached skill level 7 in Fighting
  4836 | D:5      | Found a blossoming altar of Fedhas.
  4895 | D:5      | Noticed Dowan
  4901 | D:5      | Killed Dowan
  5215 | D:5      | You pick up a book of Air {forbidden} and begin reading...
  5215 | D:5      | You add the spells Shock, Swiftness and Airstrike to your
                  | library.
  5596 | D:6      | Reached skill level 6 in Armour
  5603 | D:6      | Reached skill level 8 in Fighting
  5608 | D:6      | Reached XP level 9. HP: 75/88 MP: 9/9
  5814 | D:6      | Found a hazy altar of Hepliaklqana.
  5832 | D:6      | Reached **** piety under Trog
  6231 | D:6      | Found a sacrificial altar of Ru.
  6231 | D:6      | Found a shadowy altar of Dithmenos.
  6291 | D:6      | Reached skill level 2 in Dodging
  6771 | D:7      | Found a shimmering blue altar of Sif Muna.
  6786 | D:7      | Reached skill level 9 in Fighting
  6786 | D:7      | Reached skill level 7 in Armour
  6832 | D:7      | Found a hide-covered altar of Uskayaw.
  7231 | D:7      | Found a flagged portal.
  7240 | Bailey   | Entered a bailey
  7245 | Bailey   | Noticed an orc warlord
  7355 | Bailey   | Reached skill level 3 in Dodging
  7681 | Bailey   | Found a runed translucent gate.
  7684 | Bailey   | Found a runed translucent gate.
  7686 | Bailey   | Found a runed translucent gate.
  7857 | Bailey   | Killed an orc warlord
  7858 | Bailey   | Reached skill level 4 in Dodging
  7858 | Bailey   | Reached XP level 10. HP: 87/102 MP: 10/10
  7866 | Bailey   | Acquired a +4 ring of slaying
  8076 | D:7      | Found a radiant altar of Vehumet.
  8250 | D:7      | Found a staircase to the Ecumenical Temple.
  8377 | D:8      | Noticed a two-headed ogre
  8384 | D:8      | Killed a two-headed ogre
  8385 | D:8      | Reached skill level 10 in Fighting
  8385 | D:8      | Reached skill level 8 in Armour
  9265 | D:8      | Reached skill level 5 in Dodging
  9489 | D:8      | Noticed Grum
  9500 | D:8      | Killed Grum
  9831 | D:9      | Noticed Harold
 10040 | D:8      | Killed Harold
 10041 | D:8      | Reached XP level 11. HP: 72/110 MP: 11/11
 10073 | D:8      | Reached skill level 11 in Fighting
 10252 | D:9      | You pick up a book of Hexes {forbidden} and begin
                  | reading...
 10252 | D:9      | You add the spells Inner Flame, Cause Fear and Discord to
                  | your library.
 10321 | D:9      | Reached skill level 9 in Armour
 10718 | D:9      | Found a staircase to the Orcish Mines.
 10847 | D:9      | Noticed Amaemon
 10864 | D:9      | Killed Amaemon
 10865 | D:9      | Reached skill level 6 in Dodging
 11095 | D:10     | Entered Level 10 of the Dungeon
 11131 | D:10     | Noticed a two-headed ogre
 11138 | D:10     | Killed a two-headed ogre
 11385 | D:10     | Found an ornate altar of the Wu Jian Council.
 12316 | D:10     | Noticed a two-headed ogre
 12321 | D:10     | Killed a two-headed ogre
 12700 | D:11     | Reached skill level 7 in Dodging
 12764 | D:11     | Noticed a soul eater
 12797 | D:11     | Reached skill level 12 in Fighting
 13025 | D:11     | Found a staircase to the Lair.
 13025 | D:11     | Noticed an oklob plant
 13026 | D:11     | Noticed an oklob plant
 13039 | D:11     | Killed an oklob plant
 13040 | D:11     | Reached XP level 12. HP: 88/122 MP: 12/12
 13048 | D:11     | Reached skill level 10 in Armour
 13227 | D:11     | Identified a +2 robe of the Archmagi
 13227 | D:11     | Noticed Erica
 13248 | D:11     | Killed Erica
 13413 | D:11     | Noticed Nergalle
 13425 | D:11     | Killed Nergalle
 13865 | D:11     | You pick up a book of Iron {forbidden} and begin reading...
 13865 | D:11     | You add the spells Animate Armour, Blade Hands and Iron
                  | Shot to your library.
 14298 | D:12     | Noticed a two-headed ogre
 14308 | D:12     | Killed a two-headed ogre
 14309 | D:12     | Reached skill level 8 in Dodging
 14555 | D:12     | Found a gate leading to a gauntlet.
 14577 | Gauntlet | Entered a Gauntlet
 14577 | Gauntlet | Found a transporter.
 14577 | Gauntlet | Found a transporter.
 14577 | Gauntlet | Found a large runed translucent door.
 14577 | Gauntlet | Found a large runed translucent door.
 14577 | Gauntlet | Found a large runed translucent door.
 14577 | Gauntlet | Found a large runed translucent door.
 14577 | Gauntlet | Found a large runed translucent door.
 14577 | Gauntlet | Found a large runed translucent door.
 14577 | Gauntlet | Found a runed translucent door.
 14577 | Gauntlet | Found a runed translucent door.
 14577 | Gauntlet | Found a large runed translucent door.
 14577 | Gauntlet | Found a large runed translucent door.
 14577 | Gauntlet | Found a large runed translucent door.
 14577 | Gauntlet | Found a large runed translucent door.
 14577 | Gauntlet | Found a large runed translucent door.
 14577 | Gauntlet | Found a large runed translucent door.
 14727 | Gauntlet | Found a transporter.
 14727 | Gauntlet | Found a transporter.
 14731 | Gauntlet | Found a large runed translucent door.
 14731 | Gauntlet | Found a large runed translucent door.
 14732 | Gauntlet | Found a runed translucent gate.
 14732 | Gauntlet | Found a runed translucent gate.
 14732 | Gauntlet | Found a runed translucent gate.
 14733 | Gauntlet | Noticed a tengu warrior
 14734 | Gauntlet | Found a transporter.
 14747 | Gauntlet | Found a transporter.
 14752 | Gauntlet | Found a transporter.
 14763 | Gauntlet | Found a transporter.
 14773 | Gauntlet | Found a transporter.
 14773 | Gauntlet | Found a transporter.
 14776 | Gauntlet | Noticed a hell beast
 14777 | Gauntlet | Found a transporter.
 14801 | Gauntlet | Found a transporter.
 14835 | Gauntlet | Found a large runed translucent door.
 14836 | Gauntlet | Found a large runed translucent door.
 14854 | Gauntlet | Killed a tengu warrior
 14868 | Gauntlet | Identified the +1 robe of Wuloshic {Int+3 Dex+3}
 14954 | Gauntlet | Found a transporter.
 14992 | Gauntlet | Found a transporter.
 14997 | Gauntlet | HP: 26/123 [fire crab (13)]
 14999 | Gauntlet | HP: 6/184 [fire bat (8)]
 14999 | Gauntlet | HP: 1/184 [fire crab (5)]
 14999 | Gauntlet | Mangled by a fire crab

Vanquished Creatures
  An orc warlord (Bailey)
  Harold (D:8)
  Erica (D:11)
  4 two-headed ogres
  A tengu warrior (Gauntlet)
  Nergalle (D:11)
  Amaemon (D:9)
  2 oklob plants (D:11)
  An ugly thing (D:11)
  2 cyclopes (D:12)
  An orange demon (D:9)
  A kobold demonologist (D:11)
  A tengu conjurer (Gauntlet)
  A komodo dragon (D:8)
  A troll (D:12)
  A slime creature (D:12)
  2 shadows (D:11)
  A vampire (D:10)
  20 yaks
  2 wyverns (D:9)
  A wraith (D:11)
  Grum (D:8)
  2 vampire mosquitoes (D:10)
  2 steam dragons (D:8)
  Edmund (D:4)
  Duvessa (D:5)
  6 orc warriors
  An ice beast (D:6)
  4 black bears
  An ogre (D:5)
  2 wolves (D:8)
  6 centaurs
  2 phantoms
  3 kobold brigands
  4 scorpions
  2 bullfrogs
  4 necrophages
  9 wights
  Dowan (D:5)
  A howler monkey (D:5)
  7 hounds
  3 jellies
  4 orc priests
  Ijyb (D:4)
  3 iguanas
  8 orc wizards
  2 gnolls
  11 adders
  A shadow imp (D:6)
  A white imp (D:3)
  2 worms
  4 dart slugs
  39 orcs
  6 bats (D:1)
  6 endoplasms
  2 giant cockroaches
  18 goblins
  11 hobgoblins
  5 jackals
  A quokka (D:1)
  15 ball pythons
  8 frilled lizards
  25 kobolds
  4 rats
287 creatures vanquished.

Vanquished Creatures (collateral kills)
  A yak (D:10)
1 creature vanquished.

Vanquished Creatures (others)
  An orc wizard (D:6)
  28 demonic plants (Gauntlet)
  3 plants (D:6)
32 creatures vanquished.

Grand Total: 320 creatures vanquished

Table legend:
 A = Non-vault XP
 B = Vault XP
 C = Vault XP percentage of total XP
 D = Non-vault monster count
 E = Vault monster count
 F = Vault count percentage of total count
                 A         B        C        D         E       F
            +---------+---------+-------+---------+---------+-------
      Total |   16293 |   10110 |  38.3 |     211 |      77 |  26.7
            +---------+---------+-------+---------+---------+-------
        D:1 |      37 |       9 |  19.6 |      25 |       6 |  19.4
        D:2 |      88 |       0 |   0.0 |      21 |       0 |   0.0
        D:3 |     200 |       0 |   0.0 |      24 |       0 |   0.0
        D:4 |     506 |     242 |  32.4 |      17 |       4 |  19.0
        D:5 |     566 |     543 |  49.0 |      15 |       6 |  28.6
        D:6 |    1197 |       0 |   0.0 |      31 |       0 |   0.0
        D:7 |     422 |       8 |   1.9 |       8 |       4 |  33.3
        D:8 |    1735 |    2242 |  56.4 |      16 |      23 |  59.0
        D:9 |     776 |    1321 |  63.0 |       9 |       4 |  30.8
       D:10 |    4191 |       0 |   0.0 |      15 |       0 |   0.0
       D:11 |    4048 |    2807 |  40.9 |      25 |       4 |  13.8
       D:12 |    2527 |       0 |   0.0 |       5 |       0 |   0.0
     Bailey |       0 |    1779 | 100.0 |       0 |      24 | 100.0
   Gauntlet |       0 |    1159 | 100.0 |       0 |       2 | 100.0
            +---------+---------+-------+---------+---------+-------

Illustrated notes

Table legend:
 A = Kills in this place as a percentage of kills in entire the game.
 B = Kills by you in this place as a percentage of kills by you in the entire game.
 C = Kills by friends in this place as a percentage of kills by friends in the entire game.
 D = Other kills in this place as a percentage of other kills in the entire game.
 E = Experience gained in this place as a percentage of experience gained in the entire game.
 F = Experience gained in this place divided by the number of levels of this place that you have seen.
                   A       B       C       D       E      F
               +-------+-------+-------+-------+-------+----------------------
         Total | 100.0 | 100.0 | 100.0 |   N/A | 100.0 | 1885.9
       Dungeon |  91.0 |  90.9 | 100.0 |   N/A |  88.9 | 1955.4
        Bailey |   8.3 |   8.4 |   0.0 |   N/A |   6.7 | 1779.0
      Gauntlet |   0.7 |   0.7 |   0.0 |   N/A |   4.4 | 1159.0
               +-------+-------+-------+-------+-------+----------------------

Table legend: (Time is in decaauts)
 A = Elapsed time spent in this place.
 B = Non-inter-level travel time spent in this place.
 C = Inter-level travel time spent in this place.
 D = Time resting spent in this place.
 E = Time spent auto-exploring this place.
 F = Levels seen in this place.
 G = Mean time per level.
                   A        B        C        D        E       F      G
               +--------+--------+--------+--------+--------+-----+--------+
         Total |  18470 |  18053 |    417 |    820 |  14671 |  14 | 1319.3 |
       Dungeon |  17154 |  16737 |    417 |    687 |  13914 |  12 | 1429.5 |
        Bailey |    811 |    811 |      0 |    133 |    411 |   1 |  811.0 |
      Gauntlet |    504 |    504 |      0 |      0 |    346 |   1 |  504.0 |
               +--------+--------+--------+--------+--------+-----+--------+

Top non-repeatable levels by time:
     D:8: 2161 daAuts
    D:11: 2113 daAuts
    D:10: 1730 daAuts
     D:5: 1599 daAuts
     D:4: 1566 daAuts
     D:1: 1446 daAuts
     D:6: 1377 daAuts
     D:7: 1375 daAuts
     D:3: 1198 daAuts
     D:2: 1138 daAuts
     D:9: 1125 daAuts
  Bailey: 811 daAuts
Gauntlet: 504 daAuts
    D:12: 320 daAuts
